 Dungeon Crawl Stone Soup version 0.29.0-15-g675c0067aa (webtiles) character file.

Game seed: 9015679837863008655

228 qw the Chopper (level 6, -1/38 HPs)
             Began as a Gargoyle Fighter on Sept 11, 2022.
             Slain by a lemure (6 damage)
             ... led by Pikel
             ... on level 4 of the Dungeon.
             The game lasted 00:01:15 (3355 turns).

qw the Chopper (Gargoyle Fighter)                   Turns: 3355, Time: 00:01:16

Health: -1/38      AC: 11    Str: 21    XL:     6   Next: 2%
Magic:  6/6        EV:  9    Int:  9    God:
Gold:   158        SH:  4    Dex:  9    Spells: 5/5 levels left

rFire   + . .      SeeInvis .   Y - +0 war axe
rCold   . . .      Faith    .   c - +0 buckler
rNeg    + . .      Spirit   .   b - +0 scale mail
rPois   inf        Reflect  .   (no helmet)
rElec   +          Harm     .   (no cloak)
rCorr   .          Rampage  .   (no gloves)
Will    .....                   (no boots)
Stlth   ..........              (no amulet)
HPRegen 0.12/turn               h - ring of protection from fire
MPRegen 0.10/turn               (no ring)

@: no status effects
A: sickness immunity, AC +4, negative energy resistance 1, electricity
resistance, torment resistance 1, petrification resistance
a: no special abilities


You were on level 4 of the Dungeon.
You visited 1 branch of the dungeon, and saw 4 of its levels.

You collected 158 gold pieces.


Innate Abilities, Weirdness & Mutations

You are immune to sickness and miasma.
Your stone body is resilient. (AC +4)
You are immune to poison.
You resist negative energy. (rN+)
You are resistant to electric shocks. (rElec)
You are resistant to unholy torment.
You are immune to petrification.


   Skills:
 - Level 4.2 Fighting
 - Level 5.0 Axes
 - Level 3.2 Armour
 + Level 0.2 Dodging
 - Level 3.2 Shields


You had 5 spell levels left.
You didn't know any spells.
Your spell library was empty.

Inventory:

Hand Weapons
 m - the +3 flail "Telefici" {freeze, Str+3}
   (You found it on level 3 of the Dungeon)

   It freezes those it strikes, dealing additional cold damage.
   It can also slow down cold-blooded creatures.
   Str:       It affects your strength (+3).
 Y - a +0 war axe (weapon)
Missiles
 f - a boomerang (quivered)
Armour
 b - a +0 scale mail (worn)
 c - a +0 buckler (worn)
Jewellery
 h - a ring of protection from fire (left hand)
Scrolls
 a - a scroll of summoning {unknown}
Potions
 d - a potion of might
 e - a potion of curing
 g - a potion of heal wounds {unknown}
 i - a potion of mutation {unknown}
 j - a potion of flight {unknown}
 k - a potion of lignification {unknown}
 n - a potion of degeneration {unknown}

Dungeon Overview and Level Annotations

Branches:
Dungeon (4/15)
 Temple: D:4-7

Altars:
Cheibriados
Fedhas
Makhleb

Annotations:
D:3 1 runed translucent door, Crazy Yiuf
D:4 Pikel


Message History

You completely miss Pikel.
Pikel is heavily wounded.
Pikel hits you with a +0 whip of flaming.
You barely miss Pikel.
Pikel is heavily wounded.
Pikel hits you with a +0 whip of flaming!
Pikel burns you. Pikel barely misses you.
You hit Pikel but do no damage.
Pikel is heavily wounded.
Pikel hits you but does no damage.
You miss Pikel.
Pikel is heavily wounded.
You block Pikel's attack.
You closely miss Pikel.
Pikel is heavily wounded.
Pikel hits you but does no damage. You block Pikel's attack.
You barely miss Pikel.
Pikel is heavily wounded.
A lemure comes into view.
Pikel hits you with a +0 whip of flaming.
Pikel burns you.
The lemure shouts!
You hit Pikel but do no damage.
Pikel is moderately wounded.
You hear a shout! x2
Pikel hits you with a +0 whip of flaming.
You hear a shout! x2
You barely miss Pikel.
Pikel is moderately wounded.
Pikel barely misses you.
You closely miss Pikel.
Pikel is moderately wounded.
Pikel barely misses you.
Pikel hits you with a +0 whip of flaming!
Pikel burns you. The lemure hits you.
You closely miss Pikel.
Pikel is moderately wounded.
You barely miss the lemure. The lemure hits you.
You die...

#..... #..#..###
#..#.....#####
.............
#..##.##....##
#..##........#
#K5##........###
#@.##..........#
#..##.......##.###
#..##.......##..##
#...............#.
#.###..##.......>.
#.# #..##......#+#
#.# #..##.........
#.# #..##.........
#.# #..#####......


You could see Pikel and a lemure.

Vanquished Creatures
  An orc priest (D:4)
  2 orc wizards
  6 adders
  2 worms
  3 dart slugs
  9 orcs
  8 ball pythons
  9 bats
  4 endoplasms
  3 giant cockroaches
  3 goblins (D:2)
  2 hobgoblins
  13 jackals
  A quokka (D:2)
  4 kobolds
  4 rats
74 creatures vanquished.

Notes
Turn   | Place    | Note
-------+----------+-------------------------------------------
     0 | D:1      | qw the Gargoyle Fighter began the quest for the Orb.
     0 | D:1      | Reached XP level 1. HP: 14/14 MP: 1/1
     0 | D:1      | 0 ||| qw: Version: 0.1-a-119-g272c26d
     0 | D:1      | 0 ||| qw: Game counter: 10664
     0 | D:1      | 0 ||| qw: Always use a shield: true
     0 | D:1      | 0 ||| qw: God list: Okawaru
     0 | D:1      | 0 ||| qw: Allow faded altars: false
     0 | D:1      | 0 ||| qw: Do Orc after D:15 true
     0 | D:1      | 0 ||| qw: Do second Lair branch before Depths: true
     0 | D:1      | 0 ||| qw: Lair rune preference: random
     0 | D:1      | 0 ||| qw: Plans: Normal, Zot, God:TSO, Crypt, Tomb, Pan,
                  | Slime, Hells, Zig, Abyss, Orb
     0 | D:1      | 0 ||| PLANNING D:1-11
    50 | D:1      | 50 ||| Stepping ~*~*~tactically~*~*~ (stealth).
    52 | D:1      | Reached skill level 2 in Axes
   142 | D:1      | Reached XP level 2. HP: 18/19 MP: 2/2
   314 | D:1      | 314 ||| Stepping ~*~*~tactically~*~*~ (stealth).
   466 | D:1      | Reached skill level 3 in Axes
   497 | D:1      | Reached XP level 3. HP: 23/23 MP: 3/3
   804 | D:1      | 804 ||| UPGRADING to ring of protection from fire.
   805 | D:1      | 805 ||| READING scroll labelled KELOGU KID VOM.
  1114 | D:2      | Reached XP level 4. HP: 24/28 MP: 4/4
  1150 | D:2      | Found a faded altar of an unknown god.
  1155 | D:2      | 1155 ||| Stepping ~*~*~tactically~*~*~ (stealth).
  1304 | D:2      | 1304 ||| Stepping ~*~*~tactically~*~*~ (hiding).
  1326 | D:2      | Reached skill level 4 in Axes
  1559 | D:2      | 1559 ||| FLEEEEING.
  1560 | D:2      | 1560 ||| FLEEEEING.
  1566 | D:2      | 1566 ||| FLEEEEING.
  1570 | D:2      | 1570 ||| FLEEEEING.
  1585 | D:2      | 1585 ||| FLEEEEING.
  1586 | D:2      | 1586 ||| FLEEEEING.
  1845 | D:2      | 1845 ||| READING scroll labelled LADUEFR QAIFE.
  1849 | D:2      | 1849 ||| READING scroll labelled WIJEPS EJIW.
  1850 | D:2      | 1850 ||| DRINKING 2 amethyst potions.
  1929 | D:3      | Found a runed translucent door.
  1930 | D:3      | Noticed Crazy Yiuf
  2141 | D:3      | 2141 ||| Stepping ~*~*~tactically~*~*~ (stealth).
  2143 | D:3      | 2143 ||| Stepping ~*~*~tactically~*~*~ (hiding).
  2321 | D:3      | Reached XP level 5. HP: 31/32 MP: 5/5
  2329 | D:3      | Found a burning altar of Makhleb.
  2334 | D:3      | Identified the +3 flail "Telefici" {freeze, Str+3}
  2336 | D:3      | 2336 ||| DROPPING +0 whip.
  2620 | D:3      | 2620 ||| FLEEEEING.
  2621 | D:3      | 2621 ||| FLEEEEING.
  2623 | D:3      | 2623 ||| FLEEEEING.
  2630 | D:3      | 2630 ||| Stepping ~*~*~tactically~*~*~ (hiding).
  2647 | D:3      | 2647 ||| FLEEEEING.
  2655 | D:3      | 2655 ||| STAIRDANCE
  2686 | D:2      | 2686 ||| READING scroll labelled MIROCOJUFUI.
  2687 | D:2      | 2687 ||| DRINKING 2 golden potions.
  2788 | D:2      | 2788 ||| DROPPING potion of ambrosia.
  2814 | D:3      | 2814 ||| Stepping ~*~*~tactically~*~*~ (stealth).
  2929 | D:3      | Found a snail-covered altar of Cheibriados.
  2937 | D:3      | Found a blossoming altar of Fedhas.
  3118 | D:3      | 3118 ||| READING scroll labelled QEJUYB ZYBLU.
  3119 | D:3      | 3119 ||| READING scroll labelled MEUBIYVOQAI.
  3120 | D:3      | 3120 ||| DRINKING 2 bubbling cyan potions.
  3121 | D:3      | 3121 ||| DROPPING potion of brilliance.
  3153 | D:4      | 3153 ||| Stepping ~*~*~tactically~*~*~ (stealth).
  3155 | D:4      | 3155 ||| Stepping ~*~*~tactically~*~*~ (stealth).
  3164 | D:4      | Reached skill level 5 in Axes
  3169 | D:4      | Reached XP level 6. HP: 26/38 MP: 6/6
  3337 | D:4      | Noticed Pikel
  3354 | D:4      | HP: 8/38 [Pikel/+0 whip of flaming (8)]
  3355 | D:4      | Slain by a lemure

Levels and vault maps discovered:
D:1:      lightli_arrival_flooded_house, layout_loops_ring,
          grunt_decor_one_mirror, minmay_crystal_room
D:2:      layout_loops_ring, hellmonk_ecumenical_altar_run_dry,
          grunt_decor_mini_mirrors
D:3:      layout_basic, mainiacjoe_overflow_catwalk,
          mainiacjoe_overflow_large_starburst, uniq_crazy_yiuf_cottage
D:4:      layout_basic, mainiacjoe_overflow_brackets, lemuel_temple_firewalk_b,
          serial_demonic, serial_demonic_d, serial_demonic_g, serial_demonic_a,
          serial_demonic_e, serial_demonic_f, serial_demonic_d, uniq_natasha,
          uniq_pikel, uniq_ijyb

Skill      XL: |  1  2  3  4  5 |
---------------+----------------+-----
Axes           | 2 3 4 5 |  5.0
Fighting       | 4 |  4.2
Armour         | |  3.2
Dodging        | |  0.2
Shields        | |  3.2

Action                   |  1- 3 |  4- 6 || total
-------------------------+-------+-------++-------
Melee: War axe           |    70 |   158 ||   228
Throw: Boomerang         |    24 |    28 ||    52
  Use: Scroll            |     1 |     5 ||     6
       Potion            |       |     3 ||     3
Armor: Scale mail        |    43 |    98 ||   141
Dodge: Dodged            |    41 |    73 ||   114
Block: Buckler           |    16 |    38 ||    54

Table legend:
 A = Non-vault XP
 B = Vault XP
 C = Vault XP percentage of total XP
 D = Non-vault monster count
 E = Vault monster count
 F = Vault count percentage of total count
                 A         B        C        D         E       F
            +---------+---------+-------+---------+---------+-------
      Total |     327 |       0 |   0.0 |      74 |       0 |   0.0
            +---------+---------+-------+---------+---------+-------
        D:1 |      47 |       0 |   0.0 |      25 |       0 |   0.0
        D:2 |      76 |       0 |   0.0 |      21 |       0 |   0.0
        D:3 |      99 |       0 |   0.0 |      19 |       0 |   0.0
        D:4 |     105 |       0 |   0.0 |       9 |       0 |   0.0
            +---------+---------+-------+---------+---------+-------
